Map: Doraelus Hills

Players

Paradox

  • Race: Terran Terran

SlowCrab

  • Race: Terran Terran

Nowadazama

  • Race: Protoss Protoss

JohnMcClane - Winner!

  • Race: Protoss Protoss

MadDog - Winner!

  • Race: Zerg Zerg

Hindulaatti - Winner!

  • Race: Terran Terran

VOD

Have the link to the VOD?

Description

Time

  • Played on: Feb. 1, 2016, 11:22 a.m.
  • Length: 5:56
Show
View Real Time Build Order
Export as new Build Order

Paradox Terran 

Build Orders:  

Get SALT Encoding   

  12  0:01  SCV  
  13  0:14  Supply Depot  
  13  0:23  SCV  
  14  0:35  SCV  
  15  0:40  Barracks  
  15  0:56  Supply Depot  
  15  0:59  Refinery, SCV  
  16  1:11  SCV  
  17  1:12  Engineering Bay  
  17  1:23  SCV  
  18  1:26  Supply Depot  
  18  1:35  SCV  
  19  1:42  Barracks Tech Lab  
  19  1:47  SCV  
  19  1:52  Barracks  
  20  1:59  SCV  
  21  2:03  Marauder  
  23  2:11  SCV  
  23  2:15  Refinery  
  24  2:40  Marauder  
  24  2:42  Barracks Reactor  
  26  3:01  Terran Infantry Weapons Level 1  
  26  3:26  Marine x2  
  28  3:35  SCV  
  29  3:44  Marauder  
  31  3:48  Command Center  
  31  3:55  Orbital Command  
  31  4:27  Marine  
  31  4:28  Marine x2  
  34  4:43  Factory  
  34  4:46  Marine  
  35  5:06  SCV  
  36  5:14  Factory  
  36  5:18  SCV  
  37  5:30  SCV  
  38  5:42  SCV  
Show
View Real Time Build Order
Export as new Build Order

SlowCrab Terran 

Build Orders:  

Get SALT Encoding   

  12  0:01  SCV  
  13  0:17  Supply Depot  
  13  0:20  SCV  
  14  0:27  Refinery  
  14  0:32  SCV  
  15  0:44  Barracks  
  15  0:47  SCV  
  16  0:59  SCV  
  18  1:11  SCV  
  18  1:23  SCV  
  18  1:24  Barracks  
  19  1:28  Supply Depot  
  19  1:33  Barracks Tech Lab  
  19  1:38  Supply Depot  
  19  1:43  Orbital Command  
  19  1:54  Marine  
  19  2:00  Stimpack  
  20  2:12  Marine  
  20  2:15  Refinery  
  20  2:39  Marauder  
  22  2:49  Marine  
  21  2:54  SCV  
  21  2:55  Factory  
  22  3:01  Marauder  
  24  3:06  SCV  
  24  3:07  Marine  
  20  3:18  SCV  
  21  3:24  Marauder  
  21  3:25  Marine  
  24  3:30  SCV  
  25  3:40  Starport  
  25  3:42  SCV  
  25  3:43  Factory Reactor  
  21  3:54  SCV  
  20  4:06  SCV  
  19  4:18  SCV  
  14  4:27  Engineering Bay  
  14  4:29  Viking  
  13  4:36  SCV  
  14  4:48  SCV  
  15  5:00  SCV  
  16  5:13  SCV  
  17  5:18  Missile Turret  
Show
View Real Time Build Order
Export as new Build Order

Nowadazama Protoss 

Build Orders: Blink Stalkers 

Get SALT Encoding   

  12  0:02  Probe (Chrono Boost)  
  13  0:13  Probe (Chrono Boost)  
  14  0:19  Pylon  
  14  0:23  Probe (Chrono Boost)  
  15  0:38  Probe (Chrono Boost)  
  15  0:41  Gateway  
  16  0:48  Probe (Chrono Boost)  
  17  0:53  Assimilator  
  17  1:05  Probe (Chrono Boost)  
  18  1:16  Probe (Chrono Boost)  
  19  1:30  Cybernetics Core  
  19  1:34  Probe (Chrono Boost), Gateway  
  19  1:38  Assimilator  
  20  1:45  Probe (Chrono Boost), Zealot  
  23  1:52  Pylon  
  23  1:54  Pylon  
  23  2:10  Probe (Chrono Boost)  
  24  2:26  Stalker  
  24  2:27  Stalker  
  28  2:45  Twilight Council, Probe (Chrono Boost)  
  29  2:53  Pylon  
  29  2:55  Pylon  
  29  2:56  Stalker  
  29  2:57  Stalker  
  33  3:16  Mothership Core (Chrono Boost)  
  35  3:28  Blink  
  35  3:38  Stalker  
  37  4:01  Stalker  
  39  4:31  Stalker  
  41  4:53  Forge  
  36  5:45  Forge  
Show
View Real Time Build Order
Export as new Build Order

JohnMcClane Protoss - Winner!

Build Orders: 1 Gate Expand, Oracle Opening 

Get SALT Encoding   

  12  0:01  Probe (Chrono Boost)  
  13  0:12  Probe (Chrono Boost)  
  14  0:20  Pylon  
  14  0:22  Probe (Chrono Boost)  
  15  0:36  Assimilator  
  15  0:38  Probe (Chrono Boost)  
  16  0:49  Probe (Chrono Boost)  
  17  0:52  Gateway  
  17  0:59  Probe (Chrono Boost)  
  18  1:20  Nexus  
  18  1:27  Probe (Chrono Boost)  
  19  1:41  Cybernetics Core  
  19  1:43  Probe (Chrono Boost)  
  20  1:53  Probe (Chrono Boost)  
  21  2:00  Pylon  
  21  2:04  Probe (Chrono Boost)  
  22  2:18  Pylon, Probe (Chrono Boost)  
  22  2:22  Stargate  
  23  2:33  Probe (Chrono Boost)  
  23  2:34  Assimilator, Probe (Chrono Boost)  
  25  2:43  Assimilator  
  25  3:01  Probe (Chrono Boost)  
  25  3:02  Probe (Chrono Boost)  
  25  3:05  Oracle (Chrono Boost)  
  27  3:12  Probe  
  30  3:13  Probe  
  30  3:17  Warp Gate  
  32  3:22  Assimilator, Gateway, Probe  
  32  3:25  Pylon, Probe  
  34  3:34  Probe  
  34  3:37  Oracle (Chrono Boost)  
  38  4:01  Probe  
  38  4:02  Probe  
  39  4:05  Pylon  
  40  4:12  Probe  
  40  4:14  Probe  
  42  4:22  Probe  
  43  4:26  Probe  
  44  4:33  Probe  
  44  4:36  Oracle (Chrono Boost)  
  48  4:39  Probe  
  48  4:43  Twilight Council, Probe  
  50  4:47  Pylon  
  50  4:51  Pylon, Probe  
  51  4:54  Probe  
  52  5:03  Probe  
  52  5:04  Probe  
  51  5:15  Probe x2  
  53  5:34  Gateway  
  53  5:35  Gateway  
  53  5:37  Gateway  
  53  5:40  Stalker x2, Gateway  
  57  5:43  Forge  
  57  5:44  Pylon  
  57  5:49  Nexus  
  57  5:51  Gateway  
  57  5:52  Pylon  
  57  5:53  Robotics Facility  
Show
View Real Time Build Order
Export as new Build Order

MadDog Zerg - Winner!

Build Orders: Pool First 

Get SALT Encoding   

  12  0:01  Drone  
  13  0:12  Overlord  
  13  0:18  Drone  
  14  0:34  Spawning Pool  
  13  0:37  Drone  
  13  0:41  Drone  
  15  0:45  Drone  
  16  0:57  Drone  
  16  1:01  Drone  
  18  1:06  Extractor  
  18  1:10  Extractor  
  16  1:13  Drone  
  17  1:38  Hatchery  
  16  1:40  Drone  
  16  1:41  Zergling x2  
  18  1:47  Queen  
  18  1:53  Drone x2  
  22  2:15  Overlord  
  22  2:32  Evolution Chamber  
  21  2:37  Evolution Chamber  
  20  2:45  Metabolic Boost  
  20  2:48  Lair  
  20  2:56  Drone x2  
  20  2:57  Drone  
  23  3:03  Drone x2  
  25  3:14  Drone x4  
  25  3:16  Drone  
  30  3:28  Zerg Ground Armor Level 1  
  30  3:40  Zerg Melee Weapons Level 1  
  30  3:49  Extractor  
  29  3:57  Drone x3  
  29  3:59  Extractor  
  31  4:07  Roach Warren  
  31  4:09  Queen  
  32  4:19  Drone x2  
  32  4:20  Drone  
  32  4:22  Drone  
  32  4:23  Overlord  
  36  4:51  Drone x3  
  39  4:56  Overlord  
  39  4:57  Overlord x3  
  41  5:07  Roach  
  41  5:09  Roach  
  41  5:10  Overlord  
  43  5:32  Roach x6  
Show
View Real Time Build Order
Export as new Build Order

Hindulaatti Terran - Winner!

Build Orders:  

Get SALT Encoding   

  12  0:01  SCV  
  13  0:13  SCV  
  14  0:18  Supply Depot  
  14  0:25  SCV  
  15  0:40  SCV  
  15  0:42  Barracks  
  16  0:45  Refinery  
  16  0:52  SCV  
  17  1:05  SCV  
  17  1:06  Barracks  
  18  1:19  SCV  
  19  1:31  Orbital Command  
  19  1:32  Reaper  
  20  1:47  Supply Depot  
  20  1:55  Reaper  
  20  1:59  SCV  
  22  2:10  Command Center  
  22  2:14  Reaper  
  23  2:28  SCV  
  23  2:29  Reaper  
  25  2:50  Reaper  
  26  2:55  SCV  
  27  2:59  Supply Depot  
  27  3:07  SCV  
  27  3:11  Reaper  
  28  3:20  SCV  
  28  3:22  Refinery  
  28  3:25  Orbital Command  
  29  3:28  Command Center  
  29  3:31  Reaper  
  30  3:35  SCV  
  31  3:45  Reaper  
  31  3:47  SCV  
  32  3:53  SCV  
  33  3:59  SCV  
  34  4:05  SCV  
  35  4:11  SCV  
  35  4:15  Reaper  
  37  4:17  SCV, Reaper  
  37  4:23  SCV  
  40  4:25  Supply Depot  
  40  4:29  Refinery, SCV  
  40  4:30  Refinery  
  41  4:35  SCV  
  41  4:49  Supply Depot  
  41  4:51  Factory  
  41  4:52  Supply Depot  
  43  4:56  Command Center  
  43  4:58  Barracks Reactor  
  43  4:59  Barracks  
  42  5:01  Barracks  
  41  5:08  Barracks Tech Lab  
  41  5:12  Supply Depot  
  41  5:13  Supply Depot, SCV  
  41  5:14  SCV  
  42  5:25  SCV  
  42  5:26  SCV  
  43  5:33  Marine  
  39  5:44  Factory Tech Lab  
  39  5:47  Starport  
  39  5:48  Barracks Reactor x2  
Tags
 
Add a new tag
Caveats
  • Supply blocks, unpowered buildings, or Contaminate may cause inaccurate times.
  • Supply counts are checked every 10 seconds.